 Dungeon Crawl Stone Soup version 0.30-a0-782-ge64f9170bb (webtiles) character file.

Game seed: 17577120475201047108

62 Qestes the Covered (level 4, -7/31 HPs)
             Began as a Human Fighter on Feb 21, 2023.
             Was a Follower of Hepliaklqana.
             Succumbed to their own poison gas
             ... on level 3 of the Dungeon.
             The game lasted 00:35:55 (2143 turns).

Qestes the Covered (Human Fighter)                  Turns: 2143, Time: 00:35:55

Health: -7/31      AC:  9    Str: 18    XL:     4   Next: 28%
Magic:  1/4        EV:  6    Int:  9    God:    Hepliaklqana [*.....]
Gold:   94         SH:  4    Dex: 12    Spells: 2/3 levels left

rFire   . . .      SeeInvis .    p - +2 dagger (freeze)
rCold   . . .      Faith    .    c - +0 buckler
rNeg    . . .      Spirit   +    x - +0 chain mail
rPois   .          Reflect  .    (no helmet)
rElec   .          Harm     .    (no cloak)
rCorr   .          Rampage  .    (no gloves)
Will    .....                    (no boots) Stlth
                                 n - amulet of guardian spirit
HPRegen 0.25/turn                (no ring)
MPRegen 0.09/turn                (no ring)

@: lethally poisoned (-7 -> -49)
A: reduced essence
a: Renounce Religion, Recall Ancestor, Ancestor Identity


You were on level 3 of the Dungeon.
You worshipped Hepliaklqana.
Hepliaklqana was aware of your devotion.
You visited 1 branch of the dungeon, and saw 3 of its levels.

You collected 94 gold pieces.

Inventory:

Hand Weapons
 p - a +2 dagger of freezing (weapon)
 s - a +0 spear
Missiles
 j - 8 poisoned darts (quivered)
 q - 24 stones
Armour
 b - a +0 scale mail
 c - a +0 buckler (worn)
 r - a +0 ring mail
 w - a +0 robe
 x - a +0 chain mail (worn)
 y - a +0 leather armour
Jewellery
 g - an amulet of magic regeneration
 n - an amulet of guardian spirit (around neck)
Scrolls
 a - 2 scrolls of blinking
 e - 5 scrolls of identify
 h - 5 scrolls of teleportation
 t - a scroll of silence {unknown}
 v - a scroll of fog {unknown}
Potions
 d - a potion of might
 f - a potion of flight {unknown}
 i - a potion of haste {unknown}
 k - 2 potions of heal wounds {unknown}
 l - a potion of degeneration {unknown}
 u - 2 potions of curing {unknown}


   Skills:
 + Level 3.2 Fighting
 + Level 0.9(1.7) Short Blades
 + Level 2.3(2.4) Long Blades
 - Level 1.1 Throwing
 + Level 3.6 Armour
 + Level 0.3 Stealth
 + Level 3.2 Shields


You had 2 spell levels left.
You knew the following spells:

 Your Spells              Type           Power      Damage    Failure   Level
a - Slow                  Hex            0%         N/A       100%        1

Your spell library contained the following spells:

 Spells                   Type           Power      Damage    Failure   Level
 Confusing Touch          Hex            0%         N/A       100%        3
 Inner Flame              Hex/Fire       0%         N/A       100%        3
 Portal Projectile        Hex/Tloc       0%         N/A       100%        3
 Vampiric Draining        Necr           0%         2d6       100%        3


Dungeon Overview and Level Annotations

Branches:
Dungeon (3/15)

Altars:
Hepliaklqana

Shops:
D:2 =


Message History

You swap places.
Blink to where?
Press: ? - help, Dir - move target Blink to where?
Press: ? - help, Dir - move target Blink to where?
Press: ? - help, Dir - move target
As you read the scroll labelled YSHYT YSYHIU, it crumbles to dust.
It was a scroll of blinking.
As you read the scroll labelled BIOXURR CINEOF, it crumbles to dust.
It is a scroll of identify.
h - 5 scrolls of teleportation
As you read the scroll labelled RUIDUE POVEGG, it crumbles to dust.
You hear a loud clanging noise!
It was a scroll of noise.
You hear a bark! x3; You hear a shout!
The air fills with toxic fumes!
As you read the scroll labelled HOOGRA AMPEB, it crumbles to dust.
It was a scroll of poison.
Really walk into that cloud of poison gas? [Y]es or [N]o only, please.
Really walk into that cloud of poison gas? [Y]es or [N]o only, please.
Really walk into that cloud of poison gas?
Uppercase [Y]es or [N]o only, please.
Really walk into that cloud of poison gas? [Y]es or [N]o only, please.
Really walk into that cloud of poison gas?
You swap places.
You are engulfed in poison gas.
You are poisoned.
You feel very sick.
You are engulfed in poison gas.
You are more poisoned.
You feel very sick.
You are engulfed in poison gas.
You are more poisoned.
* * * LOW HITPOINT WARNING * * *
You feel extremely sick.
You swap places.
You are engulfed in poison gas.
You are more poisoned.
* * * LOW HITPOINT WARNING * * *
You die...

.####............#.#..## .#
#.......####§§§§...#
.####<....#.# ##§§§##...
.#.....#....###§§§§§###.
.#.###.#......§§§§§§§##
...##.........§§§§§§§§# #.
..##.......####§§.§§§§#...
........#..####§§§§§§§§.#
...###.##.§§§§§R@.§§§####..
######....§####§§§§§§§§....
##.<.....#.# #§§§§§§§####
#..#######.####§§§§§§§######
#.............§§§§§§§§§....#
##########.####§§§§§######...
###.## #§##### #....###.#
#.......>#


You could see the friendly Ishtar-belessa the ancestor.

Vanquished Creatures
  An adder (D:2)
  3 dart slugs
  6 bats
  4 endoplasms
  5 goblins
  3 hobgoblins
  A jackal (D:2)
  5 kobolds
  2 quokkas (D:1)
  4 ball pythons
  4 frilled lizards
  5 rats
43 creatures vanquished.

Vanquished Creatures (collateral kills)
  An endoplasm (D:3)
1 creature vanquished.

Vanquished Creatures (others)
  4 plants (D:2)
4 creatures vanquished.

Grand Total: 48 creatures vanquished

Notes
Turn   | Place    | Note
-------+----------+-------------------------------------------
     0 | D:1      | Qestes the Human Fighter began the quest for the Orb.
     0 | D:1      | Reached XP level 1. HP: 18/18 MP: 1/1
   175 | D:1      | Reached XP level 2. HP: 19/24 MP: 2/2
   248 | D:1      | You fall into a shaft and drop 1 floor!
   270 | D:2      | Found Yjeaklee's Jewellery Shoppe.
   466 | D:2      | Reached XP level 3. HP: 29/29 MP: 3/3
  1374 | D:2      | Got Ykkegg's Handbook of Imprecation
  1458 | D:2      | Reached skill level 1 in Throwing
  1458 | D:2      | Reached XP level 4. HP: 35/35 MP: 4/4
  1600 | D:2      | Found a faded altar of an unknown god.
  1618 | D:2      | Prayed at the altar of an unknown god.
  1618 | D:2      | Became a worshipper of Hepliaklqana the Forgotten
  1618 | D:2      | Reached * piety under Hepliaklqana
  1625 | D:2      | Learned a level 1 spell: Slow
  2143 | D:3      | Succumbed to their own poison gas

Illustrated notes

Levels and vault maps discovered:
D:1:      lemuel_arrival_hallway, layout_basic, minivault_23
D:2:      kennysheep_six_static_rooms, layout_basic, serial_shops, shop,
          shapermc_ecumenical_altar_mp_ritualfount
D:3:      layout_rooms, uniq_sigmund

Skill      XL: |  1  2  3 |
---------------+----------+-----
Throwing       | 1 |  1.1
Fighting       | |  3.2
Short Blades   | |  0.9
Long Blades    | |  2.3
Armour         | |  3.6
Stealth        | |  0.3
Shields        | |  3.2

Action                     |  1- 3 |  4- 6 || total
---------------------------+-------+-------++-------
  Melee: Long sword        |    42 |       ||    42
         Dagger            |    55 |    19 ||    74
  Throw: Dart              |    25 |     3 ||    28
         Stone             |     1 |       ||     1
 Invoke: Ancestor Identity |       |     1 ||     1
    Use: Scroll            |       |     4 ||     4
 Armour: Scale mail        |    30 |     4 ||    34
  Dodge: Dodged            |    33 |     5 ||    38
  Block: Buckler           |    15 |     1 ||    16

Table legend: (Time is in decaauts)
 A = Elapsed time spent in this place.
 B = Non-inter-level travel time spent in this place.
 C = Inter-level travel time spent in this place.
 D = Time resting spent in this place.
 E = Time spent auto-exploring this place.
 F = Levels seen in this place.
 G = Mean time per level.
                   A        B        C        D        E       F      G
               +--------+--------+--------+--------+--------+-----+--------+
         Total |   2154 |   2148 |      6 |    182 |    519 |   3 |  718.0 |
       Dungeon |   2154 |   2148 |      6 |    182 |    519 |   3 |  718.0 |
               +--------+--------+--------+--------+--------+-----+--------+

Top non-repeatable levels by time:
     D:1: 940 daAuts
     D:2: 908 daAuts
     D:3: 305 daAuts
